 Dungeon Sprint DCSS version 0.21-a0-352-g5b8f553 (webtiles) character file.

4587 minicreteconcrete the Stickfighter (level 10, 0/71 HPs)
             Began as a Gargoyle Gladiator on Oct 11, 2017.
             Was a High Priest of Okawaru.
             Slain by a reaper
             ... wielding a +1 scythe of flaming
             ... summoned by a guardian mummy's death curse
              (3 damage)
             ... in the Dungeon (Sprint VII: "The Pits").
             The game lasted 00:07:10 (1132 turns).

minicreteconcrete the Stickfighter (GrGl)           Turns: 1132, Time: 00:07:11

Health: 0/71       AC: 31    Str: 19    XL:     10   Next: 41%
Magic:  14/15      EV: 14    Int: 13    God:    Okawaru [*****.]
Gold:   0          SH:  0    Dex: 12    Spells: 9/9 levels left

rFire    . . .     SeeInvis .   a - +4 quarterstaff (speed)
rCold    . . .     Gourm    .   (shield currently unavailable)
rNeg     + . .     Faith    .   x - +2 plate armour
rPois    ∞         Spirit   .   c - +0 helmet
rElec    +         Reflect  .   E - +0 cloak
rCorr    .         Harm     .   D - +0 pair of gloves
MR       .....     NoTele   +   F - +0 pair of boots
Stlth    ..........             (no amulet)
HPRegen  0.21/turn              z - +3 ring of intelligence
MPRegen  0.14/turn              B - +3 ring of evasion

@: heroism
A: negative energy resistance 1, electricity resistance, unbreathing,
petrification resistance, rot immunity, AC +7
a: Heroism, Finesse, Renounce Religion


You were in the Dungeon.
You worshipped Okawaru.
Okawaru was extremely pleased with you.
You were not hungry.

You visited 1 branch

Inventory:

Hand Weapons
 a - a +4 quarterstaff of speed (weapon)
 l - a +0 quarterstaff
 w - a +2 quarterstaff
Missiles
 d - 3 throwing nets (quivered)
 n - 10 stones
 y - 10 javelins of returning
Armour
 b - a +0 leather armour
 c - a +0 helmet (worn)
 x - a +2 plate armour (worn)
 D - a +0 pair of gloves (worn)
 E - a +0 cloak (worn)
 F - a +0 pair of boots (worn)
Magical Staves
 o - an uncursed staff of energy
Jewellery
 z - a +3 ring of intelligence (left hand)
 B - a +3 ring of evasion (right hand)
Scrolls
 k - a scroll of blinking
 p - 3 scrolls of remove curse
 q - 5 scrolls of amnesia
 r - a scroll of summoning
 s - 2 scrolls of vulnerability
Potions
 e - 8 potions of curing
 g - 12 potions of heal wounds
 h - a potion of haste
 i - 4 potions of magic
 j - 4 potions of berserk rage
 m - 2 potions of invisibility
 A - a potion of resistance
 C - a potion of agility
Comestibles
 f - 8 bread rations
 t - 40 fruits
 u - 7 meat rations


   Skills:
 + Level 12.2(17.2) Fighting
 + Level 16.0(21.0) Staves
 + Level 4.4(9.4) Throwing
 + Level 7.8(12.8) Armour
 + Level 7.4(12.4) Dodging
 - Level 1.8(6.8) Stealth
 + Level 7.5 Invocations


You had 9 spell levels left.
You didn't know any spells.

Dungeon Overview and Level Annotations

Branches:
Dungeon (1/1)

Altars:
Ashenzari
Cheibriados
Dithmenos
Elyvilon
Fedhas
Gozag
Hepliaklqana
Kikubaaqudgha
Makhleb
Nemelex Xobeh
Okawaru
Qazlal
Ru
Sif Muna
Trog
Uskayaw
Vehumet
Wu Jian
Xom
Yredelemnul
Zin
The Shining One
Beogh
Jiyva
Lugonu

Annotations:
D Joseph


Innate Abilities, Weirdness & Mutations

You are resistant to torment.
Your stone body is resilient. (AC +7)
You are immune to poison.
You resist negative energy. (rN+)
You are resistant to electric shocks. (rElec)
You can survive without breathing.
You are immune to petrification.
You are immune to rotting.


Message History

You hit the reaper but do no damage.
The reaper is lightly wounded.
You hit the reaper but do no damage.
The reaper is lightly wounded.
You hit the reaper.
The reaper is moderately wounded.
The reaper completely misses you.
You hit the reaper but do no damage.
The reaper is lightly wounded.
You hit the reaper but do no damage.
The reaper is lightly wounded.
Joseph says, "I'm happy to see you. And I'll be happy to kill you."
You hit the reaper but do no damage.
The reaper is lightly wounded.
You closely miss the reaper.
The reaper is lightly wounded.
The reaper hits you with a scythe of flaming!!
* * * LOW HITPOINT WARNING * * *
The reaper burns you.
You die...

..<...##..# ##.##
......##..# ##...##
......##..####.....#
......##...##.(.(..#
########....'.....(+ +
########...##......# .#
.#....##..####.....# .##
.#..[.##..##@##...##...#
.'..))##..##M.##@##.....
.#..))##..# #..#2#....t.
.#..))##..# #..@)..#
########### ########


You could see a reaper and Joseph.

Vanquished Creatures
  Urug (D)
  A shadow wraith (D)
  A phantasmal warrior (D)
  A deep elf mage (D)
  A manticore (D)
  A black mamba (D)
  A guardian mummy (D)
  A troll (D)
  A jumping spider (D)
  A flying skull (D)
  A soldier ant (D)
  A water moccasin (D)
  4 floating eyes (D)
  An ogre (D)
  A bullfrog (D)
  A scorpion (D)
  A crimson imp (D)
  An iron imp (D)
  An orc priest (D)
  An orc wizard (D)
  An iguana (D)
  A hell rat (D)
  A worker ant (D)
  A leopard gecko (D)
  7 orcs (D)
  A hobgoblin (D)
  A quokka (D)
  3 bats (D)
39 creatures vanquished.

Notes
Turn   | Place    | Note
-------+----------+-------------------------------------------
     0 | D        | minicreteconcrete the Gargoyle Gladiator began the quest for the Orb.
     0 | D        | Reached XP level 1. HP: 12/12 MP: 1/1
    41 | D        | Found a bloodstained altar of Trog.
    41 | D        | Found a deep blue altar of Sif Muna.
    41 | D        | Found a viscous altar of Jiyva.
    41 | D        | Found a hazy altar of Hepliaklqana.
    41 | D        | Found an opulent altar of Gozag.
    42 | D        | Found a glowing golden altar of the Shining One.
    42 | D        | Found a glowing silver altar of Zin.
    42 | D        | Found a basalt altar of Yredelemnul.
    42 | D        | Found a shimmering altar of Xom.
    42 | D        | Found an ornate altar of the Wu Jian Council.
    42 | D        | Found a sacrificial altar of Ru.
    42 | D        | Found a stormy altar of Qazlal.
    42 | D        | Found an iron altar of Okawaru.
    42 | D        | Found a sparkling altar of Nemelex Xobeh.
    42 | D        | Found a burning altar of Makhleb.
    42 | D        | Found a blossoming altar of Fedhas.
    42 | D        | Found a white marble altar of Elyvilon.
    42 | D        | Found a shadowy altar of Dithmenos.
    42 | D        | Found a snail-covered altar of Cheibriados.
    43 | D        | Found a radiant altar of Vehumet.
    43 | D        | Found a corrupted altar of Lugonu.
    43 | D        | Found a roughly hewn altar of Beogh.
    44 | D        | Found an ancient bone altar of Kikubaaqudgha.
    44 | D        | Found a hide-covered altar of Uskayaw.
    44 | D        | Found a shattered altar of Ashenzari.
    48 | D        | Became a worshipper of Warmaster Okawaru
    61 | D        | Noticed a floating eye
    64 | D        | Paralysed by a floating eye for 2 turns
    68 | D        | Killed a floating eye
    68 | D        | Reached * piety under Okawaru
    68 | D        | Reached skill level 6 in Staves
    68 | D        | Reached skill level 5 in Dodging
    68 | D        | Reached XP level 2. HP: 20/20 MP: 2/2
    68 | D        | Reached XP level 3. HP: 24/24 MP: 3/3
    68 | D        | Reached XP level 4. HP: 29/29 MP: 4/4
    88 | D        | Noticed a floating eye
   107 | D        | Reached skill level 1 in Invocations
   107 | D        | Reached XP level 5. HP: 25/34 MP: 4/6
   108 | D        | Paralysed by a floating eye for 4 turns
   114 | D        | Killed a floating eye
   114 | D        | Reached ** piety under Okawaru
   114 | D        | Reached skill level 5 in Fighting
   114 | D        | Reached skill level 7 in Staves
   114 | D        | Reached skill level 1 in Armour
   114 | D        | Reached XP level 6. HP: 30/40 MP: 4/8
   262 | D        | Noticed a floating eye
   269 | D        | Paralysed by a floating eye for 2 turns
   288 | D        | Killed a floating eye
   288 | D        | Reached skill level 8 in Staves
   316 | D        | Noticed a floating eye
   319 | D        | Killed a floating eye
   319 | D        | Reached skill level 9 in Staves
   319 | D        | Reached skill level 5 in Invocations
   319 | D        | Reached XP level 7. HP: 46/46 MP: 9/11
   382 | D        | Reached skill level 10 in Staves
   416 | D        | Noticed a black mamba
   429 | D        | Killed a black mamba
   429 | D        | Reached *** piety under Okawaru
   429 | D        | Received a gift from Okawaru
   429 | D        | Reached skill level 11 in Staves
   429 | D        | Reached XP level 8. HP: 38/54 MP: 9/12
   520 | D        | Noticed a flying skull
   531 | D        | Killed a flying skull
   546 | D        | Reached skill level 12 in Staves
   546 | D        | Reached skill level 5 in Armour
   709 | D        | Received a gift from Okawaru
   728 | D        | Killed a shadow wraith
   728 | D        | Reached **** piety under Okawaru
   728 | D        | Reached skill level 13 in Staves
   728 | D        | Reached skill level 1 in Stealth
   728 | D        | Reached XP level 9. HP: 61/61 MP: 12/14
   764 | D        | Noticed a troll
   764 | D        | Noticed a manticore
   764 | D        | Noticed a jumping spider
   764 | D        | Noticed a phantasmal warrior
   806 | D        | Killed a phantasmal warrior
   806 | D        | Reached skill level 10 in Fighting
   806 | D        | Reached skill level 14 in Staves
   812 | D        | Killed a troll
   817 | D        | Killed a manticore
   817 | D        | Reached ***** piety under Okawaru
   831 | D        | Killed a jumping spider
   831 | D        | Reached skill level 15 in Staves
   831 | D        | Reached XP level 10. HP: 38/70 MP: 15/15
  1014 | D        | Noticed Urug
  1028 | D        | Killed Urug
  1028 | D        | Received a gift from Okawaru
  1103 | D        | Noticed Joseph
  1103 | D        | Noticed a deep elf mage
  1104 | D        | Noticed an alligator snapping turtle
  1115 | D        | Killed a deep elf mage
  1122 | D        | Reached skill level 16 in Staves
  1122 | D        | Noticed a reaper
  1132 | D        | HP: 3/71 [reaper/scythe of flaming[a guardian mummy's death curse] (22)]
  1132 | D        | Slain by a reaper

Vault maps used:
D:        pitsprint

Skill      XL: |  1  2  3  4  5  6  7  8  9 10 |
---------------+-------------------------------+-----
Fighting       | 4 5 6 7 9 11 12 | 12.2
Staves         | 6 7 9 11 13 15 16 | 16.0
Throwing       | 3 4 |  4.4
Dodging        | 5 6 7 |  7.4
Invocations    | 1 3 5 6 7 |  7.5
Armour         | 1 2 4 6 7 |  7.8
Stealth        | 1 |  1.8

Action                   |  1- 3 |  4- 6 |  7- 9 | 10-12 || total
-------------------------+-------+-------+-------+-------++-------
Melee: Quarterstaff      |     9 |    33 |   142 |    33 ||   217
Invok: Heroism           |       |       |     5 |     1 ||     6
  Eat: Chunk             |       |       |       |     1 ||     1
Armor: Leather armour    |     1 |     5 |       |       ||     6
       Plate armour      |       |     2 |    64 |     1 ||    67
Dodge: Dodged            |     4 |     9 |    39 |    10 ||    62

Table legend:
 A = Spawn XP
 B = Non-spawn XP
 C = Spawn XP percentage of total XP
 D = Spawn monster count
 E = Non-spawn monster count
 F = Spawn count percentage of total count
 G = Total turns spent on level
                    A         B        C        D         E        F      G
               +---------+---------+-------+---------+---------+-------+---------
         Total |       0 |    6553 |   0.0 |       0 |      39 |   0.0 |  1132
               +---------+---------+-------+---------+---------+-------+---------
             D |       0 |    6553 |   0.0 |       0 |      39 |   0.0 |  1132
               +---------+---------+-------+---------+---------+-------+---------
